 Dungeon Crawl Stone Soup version bcrawl-1.31.4 (webtiles) character file.

Game seed: 12983814108968899822

139865 Morbidden the Sneak (level 3, 0/20 HPs)
             Began as a Vine Stalker Archaeologist on June 18, 2021.
             Killed from afar by Sigmund (9 damage)
             ... with a magic dart
             ... on level 2 of the Dungeon.
             The game lasted 00:01:18 (662 turns).

Morbidden the Sneak (Vine Stalker Archaeologist)     Turns: 662, Time: 00:01:19

Health: 0/20       AC:  6    Str: 14    XL:     3   Next: 29%
Magic:  4/4        EV: 13    Int: 14    God:
Gold:   109        SH:  0    Dex: 12    Spells: 2/2 levels left

rFire    . . .     SeeInvis .   a - +1 short sword (freeze)
rCold    . . .     Gourm    .   (no shield)
rNeg     . . .     Faith    .   c - +1 robe
rPois    .         Spirit   .   d - +1 hat
rElec    .         Reflect  +   (no cloak)
rCorr    .         Harm     .   (no gloves)
MR       .....                  x - +1 pair of boots
Stlth    +.........             k - +5 amulet of reflection
HPRegen  0.46/turn              (no ring)
MPRegen  0.09/turn              (no ring)

@: confused
A: fangs 2, regeneration 1, no potion heal 3, rot immunity, strong jaws
a: no special abilities


You were on level 2 of the Dungeon.
You were not hungry.

You visited 1 branch of the dungeon, and saw 2 of its levels.

You collected 109 gold pieces.

Inventory:

Hand Weapons
 a - a +1 short sword of freezing (weapon)
 b - a +0 blowgun
Missiles
 f - 6 curare-tipped needles
 o - 140 poisoned tomahawks (quivered)
Armour
 c - a +1 robe (worn)
 d - a +1 hat (worn)
 x - a +1 pair of boots (worn)
Jewellery
 k - a +5 amulet of reflection (around neck)
Scrolls
 g - a scroll of magic mapping
 m - a scroll of fog {unknown}
 n - a scroll of amnesia {unknown}
 r - a scroll of enchant armour {unknown}
 s - a scroll of blinking {unknown}
 w - 2 scrolls of teleportation {unknown}
Potions
 j - a potion of might {unknown}
 p - a potion of haste {unknown}
 q - a potion of heal wounds {unknown}
 u - 2 potions of curing {unknown}
 v - a potion of invisibility {unknown}
 z - a potion of lignification {unknown}
Miscellaneous
 h - a dusty tome
Comestibles
 e - 2 rations {!d}


   Skills:
 + Level 1.0 Fighting
 + Level 0.8 Short Blades
   Level 0.8 Maces & Flails
 + Level 3.8 Dodging
 + Level 5.3 Stealth


You had 2 spell levels left.
You didn't know any spells.
Your spell library was empty.

Dungeon Overview and Level Annotations

Branches:
Dungeon (2/12)

Altars:

Annotations:
D:2 Sigmund


Innate Abilities, Weirdness & Mutations

You have extremely sharp teeth.
Your natural rate of healing is unusually fast.
Potions cannot restore your health.
You are immune to rotting.
Your bites deal extra damage.


Message History

No path to travel!
Throwing (i - inventory)
o - 141 poisoned tomahawks (quivered)
Press: ? - help, Shift-Dir - straight line, f - kobold
Aim: a kobold, wielding a +0 falchion You throw a poisoned tomahawk.
The poisoned tomahawk closely misses the kobold.
You hear some strange, mumbled words.
You are confused.
No path to travel!
Unknown command.
A puff of flame appears from out of thin air!
The puff of flame hits you!
Ouch! That really hurt!
You bump into the rock wall.
Unknown command.
There is a stone staircase leading down here.
You bump into the rock wall.
A magic dart appears from out of thin air!
The magic dart hits you!
You die...

####### .######
#.<...#
...%...##....†#
#.)......#
##.@...###
#.##....#
##{##.##.#
#K.##.# .#
#..K...###.# .
#.##### #.# ..


You could see a kobold.

Vanquished Creatures
  A dart slug (D:1)
  3 leopard geckos
  2 ball pythons
  A bat (D:1)
  A giant cockroach (D:1)
  4 goblins (D:1)
  4 hobgoblins (D:1)
  A frilled lizard (D:1)
  5 kobolds (D:1)
  4 rats (D:1)
26 creatures vanquished.

Notes
Turn   | Place    | Note
-------+----------+-------------------------------------------
     0 | D:1      | Morbidden the Vine Stalker Archaeologist began the quest
                  | for the Orb.
     0 | D:1      | Reached XP level 1. HP: 11/11 MP: 2/2
   142 | D:1      | Reached XP level 2. HP: 16/16 MP: 3/3
   237 | D:1      | Reached skill level 5 in Stealth
   407 | D:1      | Reached skill level 1 in Fighting
   407 | D:1      | Reached XP level 3. HP: 17/20 MP: 4/4
   654 | D:2      | Noticed Sigmund
   662 | D:2      | Killed from afar by Sigmund

Skill      XL: |  1  2 |
---------------+-------+-----
Stealth        | 5 |  5.3
Fighting       | 1 |  1.0
Short Blades   | |  0.8
Maces & Flails | |  0.8
Dodging        | |  3.8

Action                   || total
-------------------------++-------
Melee: Dagger            ||   109
       Bite              ||     6
Throw: Tomahawk          ||     3
  Use: Scroll            ||     1
 Stab: Distracted        ||     1
       Sleeping          ||     5
  Eat: Chunk             ||     2
Armor: Robe              ||    20
Dodge: Dodged            ||    70
Block: Other             ||    20
       Reflection        ||     2
